 Dungeon Crawl Stone Soup version 0.27-b1-41-gafb5482f4b (webtiles) character file.

Game seed: 14607024201782839890

167 horus123 the Sneak (level 5, 0/35 HPs)
             Began as an Octopode Brigand on July 28, 2021.
             Slain by a goblin (5 damage)
             ... led by Robin
             ... on level 4 of the Dungeon.
             The game lasted 00:07:44 (2265 turns).

horus123 the Sneak (Octopode Brigand)               Turns: 2265, Time: 00:07:46

Health: 0/35       AC:  1    Str: 11    XL:     5   Next: 48%
Magic:  5/5        EV: 13    Int: 14    God:
Gold:   71         SH:  0    Dex: 13    Spells: 2/4 levels left

rFire    . . .     SeeInvis .   a - +2 dagger
rCold    . . .     Faith    .   (no shield)
rNeg     . . .     Spirit   .   (helmet restricted)
rPois    .         Reflect  .   (no amulet)
rElec    .         Harm     .   j - +4 ring of slaying
rCorr    .         Rampage  .   (no ring)
Will     .....                  (no ring)
Stlth    +++++.....             (no ring)
HPRegen  0.11/turn              (no ring)
MPRegen  0.09/turn              (no ring)
                                (no ring)
                                (no ring)

@: lethally poisoned (0 -> -7)
A: almost no armour, amphibious, 8 rings, camouflage 1, gelatinous body 1,
(nimble swimmer 1), tentacles
a: no special abilities


You were on level 4 of the Dungeon.
You visited 1 branch of the dungeon, and saw 3 of its levels.

You collected 71 gold pieces.

Inventory:

Hand Weapons
 a - a +2 dagger (weapon)
Missiles
 b - 6 poisoned darts (quivered)
 c - 2 curare-tipped darts
Jewellery
 j - a +4 ring of slaying (left tentacle)
Wands
 k - a wand of flame (16)
Scrolls
 e - 2 scrolls of fog {unknown}
 h - 2 scrolls of brand weapon {unknown}
 i - a scroll of enchant weapon {unknown}
Potions
 d - a potion of mutation {unknown}
 f - a potion of berserk rage {unknown}
 g - 2 potions of might {unknown}
 l - a potion of magic {unknown}


   Skills:
 + Level 2.3 Fighting
 + Level 2.8 Short Blades
 + Level 2.6 Throwing
 + Level 1.6 Dodging
 * Level 7.6 Stealth
 + Level 0.1 Spellcasting


You had 2 spell levels left.
You knew the following spells:

 Your Spells              Type           Power      Damage    Failure   Level
a - Slow                  Hex            0%         N/A       38%         2

Your spell library contained the following spells:

 Spells                   Type           Power      Damage    Failure   Level
 Foxfire                  Conj/Fire      0%         2x1d4     28%         1
 Conjure Flame            Conj/Fire      0%         6-21      65%         3
 Inner Flame              Hex/Fire       0%         N/A       65%         3
 Cause Fear               Hex            0%         N/A       95%         4
 Yara's Violent Unravell  Hex/Tmut       0%         3d3       100%        5
 Discord                  Hex            0%         N/A       100%        8


Dungeon Overview and Level Annotations

Branches:
Dungeon (2/15)

Altars:


Innate Abilities, Weirdness & Mutations

You cannot wear most types of armour.
You are amphibious.
You can wear up to eight rings at the same time.
Your skin changes colour to match your surroundings (Stealth+).
Your rubbery body absorbs attacks. (AC +1, EV +1)
((You are camouflaged near water. (Stealth+)))
You have tentacles for arms and can constrict up to eight enemies at once.


Message History

It stops dripping with poison.
The goblin wields a +0 hunting sling.
The goblin shoots a stone.
The stone closely misses you.
The stone hits Robin but does no damage.
You see here a poisoned dart.
The goblin shouts!
You hit Robin. You grab Robin. You squeeze Robin.
Robin is heavily wounded.
You constrict Robin, but do no damage.
You feel sick. Robin completely misses you.
You hit Robin.
Robin is severely wounded.
You constrict Robin.
You feel sick.
Robin drinks a potion.
Robin is healed!
You hit Robin. You squeeze Robin!
Robin is almost dead.
You constrict Robin, but do no damage.
You feel sick.
The goblin no longer looks unusually strong.
The goblin unwields a +0 hunting sling.
The goblin wields a +2 dagger of venom.
It begins to drip with poison!
The goblin hits you with a +2 dagger of venom.
You are lethally poisoned!
Robin roars a battlecry!
The goblin goes into a battle-frenzy!
You hit the goblin.
You kill the goblin!
You constrict Robin, but do no damage.
* * * LOW HITPOINT WARNING * * *
You feel sick. The goblin misses you. Robin throws the goblin at you!
You barely miss the goblin. Your grab misses the goblin.
Your squeeze misses the goblin. You constrict Robin.
* * * LOW HITPOINT WARNING * * *
You feel sick.
The goblin no longer looks unusually strong.
The goblin misses you.
You hit the goblin. Your grab misses the goblin.
The goblin is severely wounded.
You constrict Robin.
You kill Robin!
* * * LOW HITPOINT WARNING * * *
You feel sick. The goblin hits you with a +0 club.
You die...

########### #......>
..........######.#..g..
.................g..ggg
..........######.#.....
..........# #.# g..
..........######.# ..
######.#..g..g..#....
#######g#.g....g.......
#....g@)#........######
#.#######.!......#
#........# #........#
##########


You could see 2 goblins.

Vanquished Creatures
  A necrophage (D:4)
  Robin (D:4)
  An adder (D:2)
  A worm (D:2)
  4 dart slugs
  5 orcs (D:2)
  4 ball pythons
  3 bats
  5 endoplasms (D:1)
  5 hobgoblins
  4 jackals (D:1)
  4 kobolds
  A quokka (D:1)
  2 frilled lizards
  9 goblins
  5 rats
55 creatures vanquished.

Notes
Turn   | Place    | Note
-------+----------+-------------------------------------------
     0 | D:1      | horus123 the Octopode Brigand began the quest for the Orb.
     0 | D:1      | Reached XP level 1. HP: 14/14 MP: 1/1
    38 | D:1      | Got Dilisk's Catalogue of Curses
    77 | D:1      | Reached XP level 2. HP: 19/19 MP: 2/2
   109 | D:1      | Reached skill level 6 in Stealth
   361 | D:1      | Reached XP level 3. HP: 22/24 MP: 3/3
   731 | D:2      | Learned a level 2 spell: Slow
  1568 | D:2      | Reached XP level 4. HP: 26/29 MP: 4/4
  1862 | D:2      | Reached skill level 7 in Stealth
  2215 | D:2      | You fall into a shaft and drop 2 floors!
  2216 | D:4      | Noticed a necrophage
  2217 | D:4      | Noticed Robin
  2221 | D:4      | Killed a necrophage
  2222 | D:4      | Reached XP level 5. HP: 34/35 MP: 5/5
  2265 | D:4      | Killed Robin
  2265 | D:4      | Slain by a goblin

Illustrated notes

Levels and vault maps discovered:
D:1:      noname_arrival_rooms_in_the_neighbourhood, layout_rooms
D:2:      layout_basic, fountainhead
D:4:      layout_basic, mainiacjoe_overflow_cross_hatched, minmay_box_of_dots,
          uniq_menkaure, uniq_robin

Skill      XL: |  1  2  3  4 |
---------------+-------------+-----
Stealth        | 6 7 |  7.6
Fighting       | |  2.3
Short Blades   | |  2.8
Throwing       | |  2.6
Dodging        | |  1.6
Spellcasting   | |  0.1

Action                   |  1- 3 |  4- 6 || total
-------------------------+-------+-------++-------
Melee: Dagger            |    72 |    30 ||   102
       Constrict         |    18 |     5 ||    23
       Tentacles         |     9 |     5 ||    14
Throw: Dart              |    14 |     4 ||    18
 Cast: Slow              |     1 |       ||     1
Evoke: Wand              |       |     1 ||     1
 Stab: Sleeping          |     6 |     2 ||     8
Armor: Skin              |     3 |     1 ||     4
Dodge: Dodged            |    35 |    20 ||    55
